 Dungeon Crawl Stone Soup version 0.19.1-1-g22dce08 (webtiles) character file.

22719 Marchewka the Cleaver (level 12, -3/107 HPs)
             Began as a Minotaur Fighter on Jan 15, 2017.
             Was a High Priest of Okawaru.
             Slain by an ice dragon (10 damage)
             ... on level 4 of the Lair of Beasts.
             The game lasted 00:35:12 (17249 turns).

Marchewka the Cleaver (Minotaur Fighter)           Turns: 17249, Time: 00:35:13

Health: -3/107     AC: 21    Str: 25    XL:     12   Next: 65%
Magic:  13/13      EV: 12    Int:  5    God:    Okawaru [*****.]
Gold:   889        SH: 15    Dex: 14    Spells: 0 memorised, 11 levels left

rFire  + . .     SeeInvis .     N - +1 demon whip (flame)
rCold  . . .     Gourm    .     k - +1 plate armour
rNeg   . . .     Faith    .     c - +2 shield
rPois  .         Spirit   .     (helmet restricted)
rElec  .         Reflect  .     (no cloak)
rCorr  +         Harm     .     T - +1 pair of gloves {Dex+3}
MR     .....                    n - +1 pair of boots
Stlth  ..........               o - amulet of rage
                                s - ring of protection from fire
                                y - ring of resist corrosion

@: no status effects
A: retaliatory headbutt, horns 2
a: Heroism, Finesse, Renounce Religion, Evoke Berserk Rage


You were on level 4 of the Lair of Beasts.
You worshipped Okawaru.
Okawaru was extremely pleased with you.
You were not hungry.

You visited 3 branches of the dungeon, and saw 16 of its levels.
You also visited: Volcano.

You collected 889 gold pieces.

Inventory:

Hand Weapons
 a - a +4 war axe
 r - a +1 flail of protection
 C - a +4 scimitar of flaming
 G - a +2 war axe of electrocution
 N - a +1 demon whip of flaming (weapon)
 R - a +1 lajatang of flaming
Armour
 c - a +2 shield (worn)
 k - a +1 plate armour (worn)
 n - a +1 pair of boots (worn)
 F - a +1 chain mail of poison resistance
 T - a +1 pair of gloves of dexterity (worn)
Jewellery
 i - an uncursed ring of wizardry
 o - an amulet of rage (around neck)
 s - a ring of protection from fire (right hand)
 y - a ring of resist corrosion (left hand)
 B - an uncursed amulet of the gourmand
Wands
 b - a wand of iceblast (2/15)
 q - a wand of confusion (21/48)
 A - a wand of slowing (17/48)
 E - a wand of slowing (38/48)
 L - a wand of enslavement (12/24)
 S - a wand of flame (32/48)
 W - a wand of flame (29/48)
Scrolls
 e - 3 scrolls of identify
 p - 10 scrolls of remove curse
 w - 4 scrolls of teleportation
 D - a scroll of amnesia
 H - a scroll of fog
 K - a scroll of immolation
 M - a scroll of magic mapping
Potions
 g - a potion of cure mutation
 h - a potion of curing
 j - 3 potions of mutation
 l - 2 potions of flight
 t - 4 potions of brilliance
 u - a potion of cancellation
 v - 2 potions of magic
 J - a potion of invisibility
 P - a potion of resistance
Books
 x - a book of Battle

   Spells                             Type                      Level
   a - Infusion                       Charms                       1
   b - Shroud of Golubria             Charms/Translocation         2
   c - Song of Slaying                Charms                       2
   d - Spectral Weapon                Hexes/Charms                 3
   e - Regeneration                   Charms/Necromancy            3
 I - a book of Callings

   Spells                             Type                      Level
   a - Summon Small Mammal            Summoning                    1
   b - Call Imp                       Summoning                    2
   c - Call Canine Familiar           Summoning                    3
   d - Summon Guardian Golem          Hexes/Summoning              3
   e - Summon Lightning Spire         Summoning/Air                4
   f - Summon Ice Beast               Ice/Summoning                4
Miscellaneous
 U - a disc of storms
Comestibles
 f - 7 bread rations
 m - 6 meat rations


   Skills:
 + Level 10.5 Fighting
 * Level 14.1 Axes
 + Level 11.1 Armour
 + Level 9.6 Dodging
 + Level 11.2 Shields
 + Level 3.2 Invocations


You had 11 spell levels left.
You didn't know any spells.

Dungeon Overview and Level Annotations

Branches:
Dungeon (11/15)            Temple (1/1) D:5            Lair (4/6) D:11
  Swamp (0/4) Lair:4          Orc (0/2) D:10
  Snake: Lair:2-4    Spider: Lair:2-4

Altars:
Ashenzari
Cheibriados
Dithmenos
Elyvilon
Fedhas
Gozag
Hepliaklqana
Kikubaaqudgha
Makhleb
Nemelex Xobeh
Okawaru
Qazlal
Ru
Sif Muna
Trog
Uskayaw
Vehumet
Xom
Yredelemnul
Zin
The Shining One

Annotations:
Lair:4 Harold


Innate Abilities, Weirdness & Mutations

You reflexively headbutt those who attack you in melee.
You have a pair of horns on your head.


Message History

The ice dragon is heavily wounded.
The ice dragon breathes frost at you. The blast of cold misses you.
Unknown command.
You hit the ice dragon. You burn the ice dragon.
The ice dragon is heavily wounded.
You barely miss the ice dragon.
The ice dragon is heavily wounded.
The ice dragon bites you.
* * * LOW HITPOINT WARNING * * *
The ice dragon claws you but does no damage.
You block the ice dragon's attack.
Unknown command.
You hit the ice dragon. You burn the ice dragon.
The ice dragon is heavily wounded.
You whack the ice dragon! You burn the ice dragon.
The ice dragon is severely wounded.
The ice dragon bites you but does no damage.
The ice dragon claws you!
You die...

#..> #≈≈.≈≈≈.........#
#..##≈≈≈≈.#........#
#≈.≈≈≈≈≈.##........#
###≈#≈≈≈≈..#.......#
#≈≈≈≈#≈≈..........#
...≈≈≈≈.#≈≈..........#
...≈≈≈#≈≈≈.#.#.####.##
⌠..≈≈≈≈≈≈..####.P##..#
.....≈≈≈.#..D@...#..##
.#.....≈................#
................†.......#
..................#.....#
..P.............##.....##
....##..#.P...#........##
..........#.#.#.#.#.....##
.......#...#.#.#.........#
.......D..#.#.#.#.......##


You could see an ice dragon.

Vanquished Creatures
  The ghost of awk the Cruncher, a journeyman GrGl of the Shining One (Volcano)
  4 hydras
  Erica (D:9)
  A hell hog (Volcano)
  2 ugly things (D:11)
  A salamander (Volcano)
  2 black mambas
  A gargoyle (D:10)
  The ghost of malin the Thaumaturge, a novice NaWz (D:6)
  A rime drake (Lair:3)
  A spiny frog (Lair:1)
  A komodo dragon (Lair:3)
  A red devil (Volcano)
  A polar bear (Lair:2)
  Prince Ribbit (D:8)
  A troll (D:9)
  A two-headed ogre (Volcano)
  5 blink frogs (Lair:1)
  A hornet (D:11)
  3 hippogriffs
  A spriggan (D:7)
  The ghost of Kloppie the Skirmisher, an amateur DrBe of Trog (D:3)
  A basilisk (Lair:3)
  A wyvern (D:9)
  27 yaks
  2 wargs (D:11)
  Edmund (D:5)
  4 hell hounds
  5 water moccasins
  Duvessa (D:7)
  3 porcupines
  7 orc warriors
  5 sky beasts
  An ice beast (D:7)
  A necrophage (D:8)
  A black bear (D:11)
  2 phantoms
  An ogre (D:6)
  5 centaurs
  3 crocodiles
  A big kobold (D:8)
  7 bullfrogs
  Dowan (D:7)
  A gnoll sergeant (D:6)
  4 scorpions
  A water moccasin zombie (D:7)
  12 killer bees
  6 wights
  2 howler monkeys (D:5)
  2 electric eels
  3 crimson imps
  A bullfrog zombie (D:11)
  A centaur zombie (D:11)
  3 hounds
  5 orc priests
  A gnoll shaman (D:6)
  2 bullfrog skeletons
  18 orc wizards
  5 iguanas
  8 worker ants
  A killer bee zombie (D:6)
  4 hound skeletons
  A howler monkey zombie (D:7)
  A howler monkey skeleton (D:4)
  Robin (D:3)
  25 gnolls
  4 river rats (D:6)
  11 adders
  3 shadow imps
  A white imp (Lair:4)
  An ooze (D:1)
  An adder zombie (D:9)
  An adder skeleton (D:6)
  3 worms
  A dart slug (D:2)
  4 leopard geckos
  64 orcs
  A ball python (D:4)
  3 giant cockroaches
  15 goblins
  10 hobgoblins
  10 jackals
  4 quokkas
  5 bats
  8 frilled lizards
  11 kobolds
  A leopard gecko skeleton (D:5)
  A quokka zombie (D:9)
  9 rats
  A fungus (Lair:2)
394 creatures vanquished.

Vanquished Creatures (others)
  3 centaurs (Volcano)
  2 plants (D:6)
5 creatures vanquished.

Grand Total: 399 creatures vanquished

Notes
Turn   | Place    | Note
-------+----------+-------------------------------------------
     0 | D:1      | Marchewka the Minotaur Fighter began the quest for the Orb.
     0 | D:1      | Reached XP level 1. HP: 19/19 MP: 0/0
   355 | D:1      | Reached XP level 2. HP: 27/27 MP: 1/1
   809 | D:2      | Reached skill level 3 in Axes
   809 | D:2      | Reached XP level 3. HP: 29/33 MP: 2/2
  1326 | D:2      | Reached skill level 1 in Dodging
  1335 | D:2      | Reached XP level 4. HP: 13/40 MP: 3/3
  2191 | D:3      | Noticed Robin
  2208 | D:3      | Killed Robin
  2208 | D:3      | Reached XP level 5. HP: 12/46 MP: 4/4
  2210 | D:3      | Reached skill level 4 in Axes
  2542 | D:3      | Noticed Kloppie's ghost (amateur DrBe)
  2565 | D:3      | Killed Kloppie's ghost
  2565 | D:3      | Reached skill level 5 in Shields
  2565 | D:3      | Reached XP level 6. HP: 53/53 MP: 5/5
  2871 | D:4      | Reached skill level 5 in Axes
  2880 | D:4      | Reached skill level 5 in Armour
  3117 | D:4      | Found a glowing silver altar of Zin.
  3446 | D:4      | Reached XP level 7. HP: 60/60 MP: 6/6
  3598 | D:4      | Reached skill level 5 in Fighting
  3641 | D:4      | Reached skill level 6 in Axes
  3725 | D:4      | Found a radiant altar of Vehumet.
  3950 | D:5      | Entered Level 5 of the Dungeon
  4437 | D:5      | Noticed Edmund
  4457 | D:5      | Killed Edmund
  4573 | D:5      | Found a staircase to the Ecumenical Temple.
  4584 | Temple   | Entered the Ecumenical Temple
  4705 | D:5      | Reached XP level 8. HP: 69/69 MP: 7/7
  4747 | D:5      | Found a glowing golden altar of the Shining One.
  4885 | D:5      | Reached skill level 7 in Axes
  5733 | D:6      | Noticed malin's ghost (novice NaWz)
  5747 | D:6      | Killed malin's ghost
  5747 | D:6      | Reached skill level 8 in Axes
  6286 | D:6      | Reached XP level 9. HP: 76/78 MP: 8/8
  6773 | D:6      | Found a basalt altar of Yredelemnul.
  6806 | D:6      | Reached skill level 5 in Dodging
  6820 | D:6      | Found an opulent altar of Gozag.
  7028 | D:6      | Reached skill level 9 in Axes
  7078 | D:7      | Noticed Duvessa
  7078 | D:7      | Noticed Dowan
  7089 | D:7      | Killed Duvessa
  7109 | D:7      | Killed Dowan
  7908 | D:7      | Found a sparkling altar of Nemelex Xobeh.
  7930 | D:7      | Found an iron altar of Okawaru.
  8071 | D:7      | Became a worshipper of Warmaster Okawaru
  8192 | D:7      | Reached skill level 10 in Axes
  8424 | D:8      | Found a glowing golden altar of the Shining One.
  8429 | D:8      | Noticed Prince Ribbit
  8438 | D:8      | Killed Prince Ribbit
  8619 | D:8      | Reached XP level 10. HP: 86/86 MP: 9/9
  9254 | D:9      | Reached * piety under Okawaru
  9277 | D:9      | Found an ancient bone altar of Kikubaaqudgha.
  9434 | D:9      | Found a stormy altar of Qazlal.
  9912 | D:9      | Reached ** piety under Okawaru
  9912 | D:9      | Reached skill level 11 in Axes
 10199 | D:9      | Noticed Erica
 10210 | D:9      | Killed Erica
 10295 | D:10     | Entered Level 10 of the Dungeon
 10302 | D:10     | Reached *** piety under Okawaru
 10543 | D:10     | Noticed a gargoyle
 10553 | D:10     | Killed a gargoyle
 10641 | D:10     | Reached XP level 11. HP: 92/95 MP: 10/10
 10659 | D:10     | Found a staircase to the Orcish Mines.
 11241 | D:11     | Reached skill level 12 in Axes
 11288 | D:11     | Found a staircase to the Lair.
 11296 | D:11     | Reached **** piety under Okawaru
 11394 | D:11     | Noticed a white ugly thing
 11407 | D:11     | Killed a white ugly thing
 11893 | D:11     | Noticed a brown ugly thing
 11903 | D:11     | Killed a brown ugly thing
 12771 | Lair:1   | Entered Level 1 of the Lair of Beasts
 12781 | Lair:1   | Reached skill level 10 in Shields
 13091 | Lair:1   | Reached ***** piety under Okawaru
 13200 | Lair:1   | Reached skill level 10 in Armour
 13756 | Lair:2   | Reached skill level 1 in Invocations
 13980 | Lair:2   | Got a pitted trident
 13981 | Lair:2   | Identified the +11 trident of the Skies Above {flame, Fragile +Blink rC+ MR+} (You found it on level 2 of the Lair of Beasts)
 14011 | Lair:2   | Noticed a seven-headed hydra
 14012 | Lair:2   | Found a shimmering altar of Xom.
 14022 | Lair:2   | Killed a seven-headed hydra
 14022 | Lair:2   | Received a gift from Okawaru
 14022 | Lair:2   | Reached skill level 13 in Axes
 14645 | Lair:2   | Noticed a seven-headed hydra
 14651 | Lair:2   | Killed a seven-headed hydra
 14651 | Lair:2   | Reached XP level 12. HP: 90/106 MP: 12/12
 14952 | Lair:3   | Found a dark tunnel.
 14961 | Volcano  | Entered a volcano
 14978 | Volcano  | Noticed a hell hog
 14980 | Volcano  | Noticed awk's ghost (journeyman GrGl)
 14992 | Volcano  | Killed a hell hog
 14992 | Volcano  | Reached skill level 10 in Fighting
 15047 | Volcano  | Killed awk's ghost
 16770 | Lair:4   | Found a staircase to the Swamp.
 16788 | Lair:4   | Noticed Harold
 16792 | Lair:4   | Noticed a seven-headed hydra
 16907 | Lair:4   | Killed a seven-headed hydra
 16907 | Lair:4   | Reached skill level 14 in Axes
 17220 | Lair:4   | Noticed an eight-headed hydra
 17229 | Lair:4   | Noticed an ice dragon
 17233 | Lair:4   | Killed an eight-headed hydra
 17249 | Lair:4   | Slain by an ice dragon

Skill      XL: |  1  2  3  4  5  6  7  8  9 10 11 12 |
---------------+-------------------------------------+-----
Shields        | 4 5 6 7 8 9 10 11 | 11.2
Axes           | 3 4 5 6 8 10 11 13 14 | 14.1
Dodging        | 1 2 3 4 6 7 8 9 |  9.6
Armour         | 4 5 7 8 9 10 11 | 11.1
Fighting       | 4 5 6 7 8 9 10 | 10.5
Invocations    | 1 3 |  3.2

Action                   |  1- 3 |  4- 6 |  7- 9 | 10-12 || total
-------------------------+-------+-------+-------+-------++-------
Melee: War axe           |    59 |   129 |   372 |   574 ||  1134
       Headbutt          |    13 |    18 |    59 |   114 ||   204
       Trident           |       |       |       |    29 ||    29
       Demon whip        |       |       |       |    22 ||    22
Invok: Heroism           |       |       |       |     2 ||     2
       Finesse           |       |       |       |     2 ||     2
Evoke: Wand              |     2 |       |       |       ||     2
  Use: Scroll            |     4 |     5 |    14 |    20 ||    43
       Potion            |       |     5 |     3 |     8 ||    16
  Eat: Chunk             |     1 |     8 |    10 |    19 ||    38
       Fruit             |       |       |     4 |       ||     4
       Pizza             |       |       |     2 |     1 ||     3
       Royal jelly       |       |       |       |     1 ||     1
       Beef jerky        |       |       |       |     4 ||     4
Armor: Scale mail        |    21 |    50 |     9 |       ||    80
       Skin              |       |     2 |       |       ||     2
       Chain mail        |       |       |    82 |    48 ||   130
       Plate armour      |       |       |       |   151 ||   151
Dodge: Dodged            |    21 |    48 |   117 |   185 ||   371
Block: Shield            |    30 |    72 |   190 |   400 ||   692
